Blackhawks vs Maple Leafs

Created - May 3, 2021 at 21:58

Goals
1 2 3 T
Blackhawks 0 1 0 1
Maple Leafs 0 0 2 2
Shots
1 2 3 T
Blackhawks 5 13 6 24
Maple Leafs 6 6 10 22

1st period

No Goal

Penalties :
Dustin Kohn (Chi) for Roughing (Double Minor) at 10:35

2nd period

1. Blackhawks , Jordan Staal 24 (Johnny Gaudreau 29, Blake Wheeler 16) at 16:26

Penalties :
Derick Brassard (Chi) for Roughing (Minor) at 0:27, Derick Brassard (Chi) for Tripping (Minor) at 8:41, John Klingberg (Tor) for Hooking (Minor) at 12:17, Johnny Gaudreau (Chi) for Interference (Minor) at 19:34

3rd period

2. Maple Leafs , Kevin Shattenkirk 19 (Logan Couture 28, John Gibson) at 0:48 (PP)
3. Maple Leafs , Chris Kelly 6 (Calvin de Haan 17, Ryan Parent 9) at 6:32

Penalties :
Beau Bennett (Tor) for Hooking (Minor) at 3:54, Blake Wheeler (Chi) for Hooking (Minor) at 12:41

Goalie Stats

Jimmy Howard (Chi), 20 saves from 22 shots - (0.909), L, 27-24-8, 58:59 minutes
John Gibson (Tor), 23 saves from 24 shots - (0.958), W, 20-21-6, 60:00 minutes

Players Stats for Blackhawks

Player Name              G  A  P  +/- PIM S  H  SB GA TA FO     MP     PP MP  PK MP  
------------------------------------------------------------------------------------
Antoine Roussel          0  0  0   0  0   3  0  1  0  0  1/1    18:19   2:07   0:00 
Blake Wheeler            0  1  1   1  2   1  2  0  0  0  0/0    15:57   0:00   4:58 
Derick Brassard          0  0  0   0  4   1  5  0  1  2  9/20   20:01   2:07   1:05 
Dustin Kohn              0  0  0   0  4   0  3  2  0  0  0/0    12:48   0:00   0:00 
Gabriel Bourque          0  0  0  -1  0   0  2  0  0  0  0/0     7:27   0:00   0:03 
Garnet Hathaway          0  0  0  -1  0   0  1  0  0  0  0/0     7:24   0:00   0:00 
Gustav Nyquist           0  0  0   0  0   1  0  0  0  0  0/0    11:17   1:51   0:00 
Jamie McBain             0  0  0   0  0   2  1  0  1  2  0/0    24:19   1:58   7:08 
John Carlson             0  0  0   0  0   3  2  1  2  0  0/0    23:57   1:58   4:02 
Johnny Gaudreau          0  1  1   1  2   3  0  0  0  1  0/0    15:23   1:51   2:26 
Jordan Staal             1  0  1   1  0   5  1  0  0  1  9/19   18:53   1:51   6:10 
Matthew Spiller          0  0  0   0  0   0  2  2  0  2  0/0    20:55   0:00   7:08 
Mike Comrie              0  0  0  -1  0   1  3  0  0  0  2/4    10:49   0:00   2:35 
Patrick Marleau          0  0  0   0  0   2  0  0  0  0  0/0     9:29   0:00   0:00 
Rick Nash                0  0  0   0  0   0  0  1  0  0  1/1    21:44   2:07   2:35 
Ryan Whitney             0  0  0   0  0   0  0  0  0  0  0/0    15:03   2:00   0:00 
Tim Connolly             0  0  0   0  0   2  2  1  0  1  3/5    12:20   0:00   2:28 
Torey Krug               0  0  0   0  0   0  0  1  0  1  0/0    22:40   2:00   4:02 

Players Stats for Maple Leafs

Player Name              G  A  P  +/- PIM S  H  SB GA TA FO     MP     PP MP  PK MP  
------------------------------------------------------------------------------------
Andre Burakovsky         0  0  0   0  0   1  0  0  2  0  0/0     9:52   0:00   0:00 
Beau Bennett             0  0  0   0  2   0  0  0  0  0  0/0    10:16   0:00   0:00 
Ben Smith                0  0  0   0  0   0  6  0  0  0  0/0    15:08   4:42   0:00 
Blake Comeau             0  0  0   1  0   1  3  0  0  0  0/0     8:59   0:39   0:00 
Brayden Schenn           0  0  0   0  0   0  2  0  1  0  8/13   18:24   5:46   1:20 
Braydon Coburn           0  0  0   1  0   0  3  0  0  0  0/0    19:29   3:15   1:49 
Calvin de Haan           0  1  1   0  0   0  0  0  1  0  0/0    13:38   0:36   1:06 
Chris Kelly              1  0  1   1  0   3  0  0  0  0  3/6     9:09   0:00   0:49 
Claude Giroux            0  0  0  -1  0   2  2  1  2  0  1/1    23:38   5:49   2:02 
Dany Heatley             0  0  0   1  0   2  1  1  0  0  0/0    10:48   0:39   0:42 
Hampus Lindholm          0  0  0   1  0   2  0  2  0  0  0/0    19:22   3:15   1:40 
Jake Guentzel            0  0  0   0  0   0  1  0  1  1  0/0    15:08   4:42   0:00 
John Klingberg           0  0  0  -1  2   1  0  1  0  0  0/0    25:45   7:17   1:03 
Kevin Shattenkirk        1  0  1  -1  0   2  2  0  3  1  0/0    27:33   7:17   2:18 
Logan Couture            0  1  1  -1  0   3  1  0  0  1  9/21   20:35   4:27   2:00 
Mika Zibanejad           0  0  0   0  0   1  0  0  0  0  3/8    10:56   0:57   0:00 
Patrick Kane             0  0  0  -1  0   4  4  2  0  0  1/1    23:06   5:49   1:03 
Ryan Parent              0  1  1   0  0   0  0  0  0  1  0/0    14:14   0:40   0:00 

3 Stars

1 - John Gibson (Tor)
2 - Chris Kelly (Tor)
3 - Jordan Staal (Chi)

Power Play

Blackhawks - 0 on 2 Attempt(s) - 0.00%
Maple Leafs - 1 on 6 Attempt(s) - 16.67%

Penalty Kill

Blackhawks - 5 on 6 Attempt(s) - 83.33% - Score 0 goal in Penalty Kill
Maple Leafs - 2 on 2 Attempt(s) - 100.00% - Score 0 goal in Penalty Kill

Team Stat

Blackhawks - Hits : 24 - Faceoff Wins : 25 - Blocked Shots : 9 - Penalty Minutes : 12
Maple Leafs - Hits : 25 - Faceoff Wins : 25 - Blocked Shots : 7 - Penalty Minutes : 4

Official

Referees : Unknown
Linesman : Unknown

Game Notes

No Game Note

Finance

Level 1 -- Attendance: 5326 (88.77%) -- Ticket Income $585,860
Level 2 -- Attendance: 3702 (74.04%) -- Ticket Income $259,140
Level 3 -- Attendance: 1566 (78.30%) -- Ticket Income $72,036
Level 4 -- Attendance: 3617 (90.43%) -- Ticket Income $108,510
Luxury Box -- Attendance: 1000 (100.00%) -- Ticket Income $180,000
Game was played at the Maple Leafs Garden.
Total Attendance: 15211 (84.51%)
Total Ticket Income: $1,205,546
Other Income: $180,832
Total Income: $1,386,378

Blackhawks

5 vs 5 Forward 
   Center                   Left Wing                Right Wing               Time % Phy DF OF 
 1 Derick Brassard          Antoine Roussel          Rick Nash                40     1   2  2  
 2 Jordan Staal             Johnny Gaudreau          Blake Wheeler            30     1   2  2  
 3 Tim Connolly             Patrick Marleau          Gustav Nyquist           20     1   2  2  
 4 Mike Comrie              Gabriel Bourque          Garnet Hathaway          10     1   2  2  

5 vs 5 Defense 
   Defense                  Defense                                           Time % Phy DF OF 
 1 John Carlson             Torey Krug                                        40     1   2  2  
 2 Jamie McBain             Matthew Spiller                                   30     1   2  2  
 3 Dustin Kohn              Ryan Whitney                                      20     1   2  2  
 4 John Carlson             Jamie McBain                                      10     1   2  2  

PowerPlay Forward 
   Center                   Left Wing                Right Wing               Time % Phy DF OF 
 1 Derick Brassard          Antoine Roussel          Rick Nash                60     1   2  2  
 2 Jordan Staal             Johnny Gaudreau          Gustav Nyquist           40     1   2  2  

PowerPlay Defense
   Defense                  Defense                                           Time % Phy DF OF 
 1 John Carlson             Jamie McBain                                      60     1   2  2  
 2 Torey Krug               Ryan Whitney                                      40     1   2  2  

Penalty Kill 4 Players Forward 
   Center                   Wing                     Time % Phy DF OF 
 1 Jordan Staal             Blake Wheeler            60     1   2  2  
 2 Mike Comrie              Rick Nash                40     1   2  2  

Penalty Kill 4 Players Defense
   Defense                  Defense                  Time % Phy DF OF 
 1 Jamie McBain             Matthew Spiller          60     1   2  2  
 2 John Carlson             Torey Krug               40     1   2  2  

Penalty Kill - 3 Players Forward 
   Forward                                           Time % Phy DF OF 
 1 Jordan Staal                                      60     1   2  2  
 2 Mike Comrie                                       40     1   2  2  

Penalty Kill - 3 Players Defense
   Defense                  Defense                  Time % Phy DF OF 
 1 Jamie McBain             Matthew Spiller          60     1   2  2  
 2 John Carlson             Torey Krug               40     1   2  2  

4 vs 4 Forward 
   Center                   Wing                     Time % Phy DF OF 
 1 Derick Brassard          Antoine Roussel          60     1   2  2  
 2 Jordan Staal             Johnny Gaudreau          40     1   2  2  

4 vs 4 Defense
   Defense                  Defense                  Time % Phy DF OF 
 1 John Carlson             Torey Krug               60     1   2  2  
 2 Jamie McBain             Matthew Spiller          40     1   2  2  

Last Minutes Offensive
   Center                   Left Wing                Right Wing               Defense                  Defense                  
   Derick Brassard          Antoine Roussel          Rick Nash                John Carlson             Jamie McBain             

Last Minutes Defensive
   Center                   Left Wing                Right Wing               Defense                  Defense                  
   Derick Brassard          Antoine Roussel          Rick Nash                Jamie McBain             Matthew Spiller          

Goaltenders
Starting : Jimmy Howard             
Backup : Pekka Rinne              

Extra Forwards
Normal : Tim Connolly, Gustav Nyquist, Blake Wheeler - PP : Tim Connolly, Patrick Marleau - PK : Tim Connolly
Extra Defensemen
Normal : Dustin Kohn, Ryan Whitney, Matthew Spiller - PP : Matthew Spiller - PK : Dustin Kohn, Ryan Whitney
Penalty Shots
Antoine Roussel, Derick Brassard, Johnny Gaudreau, Rick Nash, Gabriel Bourque

Scratches
Nick Leddy (Broken Left Index Finger Injury)

Maple Leafs

5 vs 5 Forward 
   Center                   Left Wing                Right Wing               Time % Phy DF OF 
 1 Logan Couture            Claude Giroux            Patrick Kane             40     1   2  2  
 2 Brayden Schenn           Jake Guentzel            Ben Smith                30     1   2  2  
 3 Mika Zibanejad           Andre Burakovsky         Beau Bennett             20     1   2  2  
 4 Chris Kelly              Dany Heatley             Blake Comeau             10     1   2  2  

5 vs 5 Defense 
   Defense                  Defense                                           Time % Phy DF OF 
 1 Kevin Shattenkirk        John Klingberg                                    40     1   2  2  
 2 Braydon Coburn           Hampus Lindholm                                   30     1   2  2  
 3 Ryan Parent              Calvin de Haan                                    20     1   2  2  
 4 Kevin Shattenkirk        John Klingberg                                    10     1   2  2  

PowerPlay Forward 
   Center                   Left Wing                Right Wing               Time % Phy DF OF 
 1 Brayden Schenn           Claude Giroux            Patrick Kane             60     1   2  2  
 2 Logan Couture            Jake Guentzel            Ben Smith                40     1   2  2  

PowerPlay Defense
   Defense                  Defense                                           Time % Phy DF OF 
 1 Kevin Shattenkirk        John Klingberg                                    60     1   2  2  
 2 Braydon Coburn           Hampus Lindholm                                   40     1   2  2  

Penalty Kill 4 Players Forward 
   Center                   Wing                     Time % Phy DF OF 
 1 Logan Couture            Claude Giroux            60     1   2  2  
 2 Brayden Schenn           Patrick Kane             40     1   2  2  

Penalty Kill 4 Players Defense
   Defense                  Defense                  Time % Phy DF OF 
 1 Kevin Shattenkirk        John Klingberg           60     1   2  2  
 2 Braydon Coburn           Hampus Lindholm          40     1   2  2  

Penalty Kill - 3 Players Forward 
   Forward                                           Time % Phy DF OF 
 1 Brayden Schenn                                    60     1   2  2  
 2 Logan Couture                                     40     1   2  2  

Penalty Kill - 3 Players Defense
   Defense                  Defense                  Time % Phy DF OF 
 1 Kevin Shattenkirk        John Klingberg           60     1   2  2  
 2 Braydon Coburn           Hampus Lindholm          40     1   2  2  

4 vs 4 Forward 
   Center                   Wing                     Time % Phy DF OF 
 1 Logan Couture            Patrick Kane             60     1   2  2  
 2 Brayden Schenn           Claude Giroux            40     1   2  2  

4 vs 4 Defense
   Defense                  Defense                  Time % Phy DF OF 
 1 Kevin Shattenkirk        John Klingberg           60     1   2  2  
 2 Braydon Coburn           Hampus Lindholm          40     1   2  2  

Last Minutes Offensive
   Center                   Left Wing                Right Wing               Defense                  Defense                  
   Brayden Schenn           Claude Giroux            Patrick Kane             Kevin Shattenkirk        John Klingberg           

Last Minutes Defensive
   Center                   Left Wing                Right Wing               Defense                  Defense                  
   Brayden Schenn           Claude Giroux            Patrick Kane             Kevin Shattenkirk        Braydon Coburn           

Goaltenders
Starting : John Gibson              
Backup : Tyler Weiman             

Extra Forwards
Normal : Mika Zibanejad, Dany Heatley, Chris Kelly - PP : Mika Zibanejad, Dany Heatley - PK : Chris Kelly
Extra Defensemen
Normal : Ryan Parent, Calvin de Haan, Braydon Coburn - PP : Ryan Parent - PK : Calvin de Haan, Braydon Coburn
Penalty Shots
Claude Giroux, Patrick Kane, Brayden Schenn, Ben Smith, Logan Couture

Scratches
None


% Time on Ice - Blackhawks

Lines # - Real PCT - Wanted PCT - Time Play
Normal Forward
1 - 35% - 40% - 15:07
2 - 27% - 30% - 11:46
3 - 22% - 20% - 9:29
4 - 17% - 10% - 7:24
Normal Defense
1 - 35% - 40% - 15:25
2 - 34% - 30% - 14:47
3 - 29% - 20% - 12:29
4 - 2% - 10% - 1:05
PP Forward
1 - 53% - 60% - 2:07
2 - 47% - 40% - 1:51
PP Defense
1 - 50% - 60% - 1:58
2 - 50% - 40% - 2:00
PK Forward
1 - 77% - 60% - 8:35
2 - 23% - 40% - 2:35
PK Defense
1 - 64% - 60% - 7:08
2 - 36% - 40% - 4:02
PK3 Forward
1 - 0% - 60%
2 - 0% - 40%
PK3 Defense
1 - 0% - 60%
2 - 0% - 40%
44 Forward
1 - 0% - 60%
2 - 0% - 40%
44 Defense
1 - 0% - 60%
2 - 0% - 40%
Last Minute Offensive  - 1:06
Last Minute Defensive  - 0:00
Total
Forward - 60:00
Defense - 60:00

% Time on Ice - Maple Leafs

Lines # - Real PCT - Wanted PCT - Time Play
Normal Forward
1 - 34% - 40% - 14:40
2 - 25% - 30% - 10:53
3 - 23% - 20% - 9:52
4 - 19% - 10% - 8:20
Normal Defense
1 - 39% - 40% - 17:04
2 - 33% - 30% - 14:25
3 - 27% - 20% - 11:54
4 - 1% - 10% - 0:22
PP Forward
1 - 58% - 60% - 6:28
2 - 42% - 40% - 4:42
PP Defense
1 - 71% - 60% - 7:55
2 - 29% - 40% - 3:15
PK Forward
1 - 74% - 60% - 2:55
2 - 26% - 40% - 1:03
PK Defense
1 - 62% - 60% - 2:27
2 - 38% - 40% - 1:31
PK3 Forward
1 - 0% - 60%
2 - 0% - 40%
PK3 Defense
1 - 0% - 60%
2 - 0% - 40%
44 Forward
1 - 0% - 60%
2 - 0% - 40%
44 Defense
1 - 0% - 60%
2 - 0% - 40%
Last Minute Offensive  - 0:00
Last Minute Defensive  - 1:07
Total
Forward - 60:00
Defense - 60:00

Play-by-Play

1st period


0:01 of 1st period - Rick Nash wins face-off versus Logan Couture in neutral zone.
0:06 of 1st period - Snap shot by Antoine Roussel.
0:06 of 1st period - Deflect By Claude Giroux.
0:06 of 1st period - Shot Misses the Net.
0:06 of 1st period - Puck is out of play.
0:07 of 1st period - Derick Brassard wins face-off versus Logan Couture in Maple Leafs zone.
0:08 of 1st period - Snap shot by Antoine Roussel.
0:08 of 1st period - Stopped by John Gibson with a rebound.
0:16 of 1st period - Wrist shot by Derick Brassard.
0:16 of 1st period - Shot Misses the Net.
0:50 of 1st period - Slapshot by John Klingberg.
0:50 of 1st period - Stopped by Jimmy Howard with a rebound.
0:52 of 1st period - Snap shot by John Klingberg.
0:52 of 1st period - Shot Blocked by Antoine Roussel.
1:10 of 1st period - Wrist shot by Patrick Kane.
1:10 of 1st period - Stopped by Jimmy Howard with a rebound.
1:12 of 1st period - Snap shot by Patrick Kane.
1:12 of 1st period - Shot Misses the Net.
1:26 of 1st period - Snap shot by Antoine Roussel.
1:26 of 1st period - Stopped by John Gibson without a rebound.
1:27 of 1st period - Brayden Schenn wins face-off versus Jordan Staal in Maple Leafs zone.
1:32 of 1st period - Matthew Spiller is hit by Brayden Schenn.
1:40 of 1st period - Snap shot by Jordan Staal.
1:40 of 1st period - Shot Blocked by Hampus Lindholm.
2:29 of 1st period - Off-side.
2:30 of 1st period - Brayden Schenn wins face-off versus Mike Comrie in neutral zone.
2:55 of 1st period - Braydon Coburn is hit by Tim Connolly and loses puck.
3:27 of 1st period - Wrist shot by Patrick Marleau.
3:27 of 1st period - Shot Misses the Net.
3:42 of 1st period - Patrick Marleau is hit by Ben Smith and loses puck.
3:59 of 1st period - Slapshot by Tim Connolly.
3:59 of 1st period - Shot Misses the Net.
4:13 of 1st period - Wrist shot by Ben Smith.
4:13 of 1st period - Deflect By Brayden Schenn.
4:13 of 1st period - Shot Misses the Net.
4:13 of 1st period - Puck is out of play.
4:14 of 1st period - Jordan Staal wins face-off versus Mika Zibanejad in Blackhawks zone.
4:45 of 1st period - John Carlson is hit by Patrick Kane and loses puck.
5:11 of 1st period - John Klingberg is hit by John Carlson and loses puck.
5:45 of 1st period - Kevin Shattenkirk is hit by Matthew Spiller and loses puck.
6:00 of 1st period - Blake Comeau is hit by Gabriel Bourque and loses puck.
6:19 of 1st period - Andre Burakovsky is hit by John Carlson.
6:36 of 1st period - Antoine Roussel is hit by Braydon Coburn and loses puck.
7:00 of 1st period - Wrist shot by Jordan Staal.
7:00 of 1st period - Shot Misses the Net.
7:07 of 1st period - Icing by Dany Heatley.
7:08 of 1st period - Tim Connolly wins face-off versus Mika Zibanejad in Maple Leafs zone.
7:09 of 1st period - Snap shot by John Carlson.
7:09 of 1st period - Stopped by John Gibson without a rebound.
7:10 of 1st period - Mika Zibanejad wins face-off versus Tim Connolly in Maple Leafs zone.
7:14 of 1st period - Off-side.
7:15 of 1st period - Derick Brassard wins face-off versus Mika Zibanejad in neutral zone.
7:22 of 1st period - Wrist shot by Antoine Roussel.
7:22 of 1st period - Stopped by John Gibson without a rebound.
7:23 of 1st period - Logan Couture wins face-off versus Derick Brassard in Maple Leafs zone.
7:23 of 1st period - Logan Couture is hit by Matthew Spiller.
7:36 of 1st period - Icing by Claude Giroux.
7:37 of 1st period - Jordan Staal wins face-off versus Logan Couture in Maple Leafs zone.
7:44 of 1st period - Slapshot by Jamie McBain.
7:44 of 1st period - Shot Blocked by Patrick Kane.
7:46 of 1st period - Wrist shot by Jordan Staal.
7:46 of 1st period - Deflect By Blake Wheeler.
7:46 of 1st period - Stopped by John Gibson with a rebound.
8:12 of 1st period - Slapshot by Antoine Roussel.
8:12 of 1st period - Shot Misses the Net.
8:26 of 1st period - Backhand shot by Andre Burakovsky.
8:26 of 1st period - Shot Misses the Net.
8:47 of 1st period - Off-side.
8:48 of 1st period - Tim Connolly wins face-off versus Chris Kelly in neutral zone.
8:57 of 1st period - Slapshot by Hampus Lindholm.
8:57 of 1st period - Deflect By Dustin Kohn.
8:57 of 1st period - Stopped by Jimmy Howard with a rebound.
8:59 of 1st period - Slapshot by Hampus Lindholm.
8:59 of 1st period - Stopped by Jimmy Howard without a rebound.
9:00 of 1st period - Patrick Kane wins face-off versus Jordan Staal in Blackhawks zone.
9:49 of 1st period - Slapshot by Andre Burakovsky.
9:49 of 1st period - Shot Blocked by Matthew Spiller.
10:33 of 1st period - Snap shot by Patrick Kane.
10:33 of 1st period - Stopped by Jimmy Howard with a rebound.
10:35 of 1st period - Double Minor Penalty to Dustin Kohn for Roughing.
10:36 of 1st period - Jordan Staal wins face-off versus Brayden Schenn in Blackhawks zone.
11:07 of 1st period - Slapshot by Kevin Shattenkirk.
11:07 of 1st period - Stopped by Jimmy Howard without a rebound.
11:08 of 1st period - Jordan Staal wins face-off versus Brayden Schenn in Blackhawks zone.
11:28 of 1st period - Jamie McBain is hit by Ben Smith and loses puck.
13:20 of 1st period - Mike Comrie is hit by Blake Comeau and loses puck.
14:08 of 1st period - Johnny Gaudreau is hit by Ben Smith and loses puck.
14:25 of 1st period - Blake Comeau is hit by Blake Wheeler and loses puck.
14:35 of 1st period - Penalty to Dustin Kohn is over, Dustin Kohn is back on ice.
15:01 of 1st period - Dany Heatley is hit by Dustin Kohn and loses puck.
15:50 of 1st period - Rick Nash is hit by Braydon Coburn and loses puck.
16:09 of 1st period - Patrick Kane is hit by Gabriel Bourque and loses puck.
16:14 of 1st period - Slapshot by Garnet Hathaway.
16:14 of 1st period - Shot Blocked by Patrick Kane.
16:24 of 1st period - Logan Couture is hit by Dustin Kohn and loses puck.
16:47 of 1st period - Ben Smith is hit by Jordan Staal and loses puck.
17:19 of 1st period - Kevin Shattenkirk is hit by Mike Comrie and loses puck.
17:45 of 1st period - Slapshot by Jamie McBain.
17:45 of 1st period - Shot Misses the Net.
18:21 of 1st period - Ben Smith is hit by Tim Connolly and loses puck.
18:38 of 1st period - Claude Giroux is hit by Derick Brassard and loses puck.
19:11 of 1st period - Brayden Schenn is hit by Garnet Hathaway and loses puck.
19:48 of 1st period - Jamie McBain is hit by Blake Comeau.
Goals for this period are 0 for Blackhawks vs 0 for Maple Leafs.
Shots for this period are 5 for Blackhawks vs 6 for Maple Leafs.

2nd period


0:01 of 2nd period - Derick Brassard wins face-off versus Logan Couture in neutral zone.
0:14 of 2nd period - Snap shot by Derick Brassard.
0:14 of 2nd period - Shot Misses the Net.
0:20 of 2nd period - Rick Nash is hit by Claude Giroux and loses puck.
0:27 of 2nd period - Minor Penalty to Derick Brassard for Roughing.
0:28 of 2nd period - Jordan Staal wins face-off versus Brayden Schenn in Blackhawks zone.
0:43 of 2nd period - Jordan Staal is hit by Claude Giroux.
2:06 of 2nd period - Johnny Gaudreau is hit by Ben Smith and loses puck.
2:27 of 2nd period - Penalty to Derick Brassard is over, Derick Brassard is back on ice.
2:40 of 2nd period - Torey Krug is hit by Braydon Coburn and loses puck.
3:55 of 2nd period - Chris Kelly is hit by Dustin Kohn and loses puck.
4:25 of 2nd period - Wrist shot by Claude Giroux.
4:25 of 2nd period - Shot Misses the Net.
4:27 of 2nd period - Wrist shot by Logan Couture.
4:27 of 2nd period - Stopped by Jimmy Howard with a rebound.
4:44 of 2nd period - Snap shot by Tim Connolly.
4:44 of 2nd period - Stopped by John Gibson with a rebound.
5:46 of 2nd period - Slapshot by Ryan Whitney.
5:46 of 2nd period - Shot Misses the Net.
5:48 of 2nd period - Snap shot by Patrick Marleau.
5:48 of 2nd period - Stopped by John Gibson without a rebound.
5:49 of 2nd period - Derick Brassard wins face-off versus Chris Kelly in Maple Leafs zone.
5:54 of 2nd period - Slapshot by Rick Nash.
5:54 of 2nd period - Shot Blocked by John Klingberg.
6:16 of 2nd period - Derick Brassard is hit by Ben Smith and loses puck.
6:39 of 2nd period - Torey Krug is hit by Patrick Kane and loses puck.
7:37 of 2nd period - Slapshot by Jamie McBain.
7:37 of 2nd period - Stopped by John Gibson with a rebound.
7:55 of 2nd period - Snap shot by Blake Wheeler.
7:55 of 2nd period - Deflect By Johnny Gaudreau.
7:55 of 2nd period - Stopped by John Gibson without a rebound.
7:56 of 2nd period - Derick Brassard wins face-off versus Logan Couture in Maple Leafs zone.
8:19 of 2nd period - Hampus Lindholm is hit by Derick Brassard and loses puck.
8:41 of 2nd period - Minor Penalty to Derick Brassard for Tripping.
8:42 of 2nd period - Logan Couture wins face-off versus Jordan Staal in Blackhawks zone.
9:28 of 2nd period - Torey Krug is hit by Logan Couture and loses puck.
9:51 of 2nd period - Slapshot by John Carlson.
9:51 of 2nd period - Stopped by John Gibson without a rebound.
9:52 of 2nd period - Mika Zibanejad wins face-off versus Tim Connolly in Maple Leafs zone.
9:57 of 2nd period - Slapshot by John Klingberg.
9:57 of 2nd period - Shot Blocked by Tim Connolly.
9:59 of 2nd period - Slapshot by Jake Guentzel.
9:59 of 2nd period - Deflect By Mika Zibanejad.
9:59 of 2nd period - Stopped by Jimmy Howard with a rebound.
10:01 of 2nd period - Snap shot by Kevin Shattenkirk.
10:01 of 2nd period - Deflect By Jake Guentzel.
10:01 of 2nd period - Shot Misses the Net.
10:01 of 2nd period - Puck is out of play.
10:02 of 2nd period - Brayden Schenn wins face-off versus Jordan Staal in Blackhawks zone.
10:37 of 2nd period - Wrist shot by Logan Couture.
10:37 of 2nd period - Stopped by Jimmy Howard without a rebound.
10:38 of 2nd period - Brayden Schenn wins face-off versus Mike Comrie in Blackhawks zone.
10:39 of 2nd period - Wrist shot by Claude Giroux.
10:39 of 2nd period - Shot Blocked by Torey Krug.
10:41 of 2nd period - Penalty to Derick Brassard is over, Derick Brassard is back on ice.
10:55 of 2nd period - Snap shot by John Carlson.
10:55 of 2nd period - Stopped by John Gibson with a rebound.
10:57 of 2nd period - Snap shot by Torey Krug.
10:57 of 2nd period - Shot Blocked by Hampus Lindholm.
10:59 of 2nd period - Slapshot by Torey Krug.
10:59 of 2nd period - Shot Misses the Net.
11:01 of 2nd period - Wrist shot by Derick Brassard.
11:01 of 2nd period - Stopped by John Gibson with a rebound.
11:09 of 2nd period - Snap shot by Derick Brassard.
11:09 of 2nd period - Shot Blocked by Claude Giroux.
11:11 of 2nd period - Slapshot by Mike Comrie.
11:11 of 2nd period - Stopped by John Gibson without a rebound.
11:12 of 2nd period - Mika Zibanejad wins face-off versus Jordan Staal in Maple Leafs zone.
11:18 of 2nd period - Off-side.
11:19 of 2nd period - Jordan Staal wins face-off versus Mika Zibanejad in neutral zone.
11:22 of 2nd period - Wrist shot by Johnny Gaudreau.
11:22 of 2nd period - Shot Hit the Post.
11:30 of 2nd period - Wrist shot by Beau Bennett.
11:30 of 2nd period - Deflect By Andre Burakovsky.
11:30 of 2nd period - Shot Misses the Net.
11:30 of 2nd period - Puck is out of play.
11:31 of 2nd period - Antoine Roussel wins face-off versus Logan Couture in Blackhawks zone.
11:31 of 2nd period - Antoine Roussel is hit by Kevin Shattenkirk.
11:43 of 2nd period - Torey Krug is hit by Patrick Kane and loses puck.
12:00 of 2nd period - Icing by Patrick Kane.
12:01 of 2nd period - Jordan Staal wins face-off versus Logan Couture in Maple Leafs zone.
12:02 of 2nd period - Snap shot by Johnny Gaudreau.
12:02 of 2nd period - Stopped by John Gibson with a rebound.
12:04 of 2nd period - Snap shot by Jordan Staal.
12:04 of 2nd period - Stopped by John Gibson with a rebound.
12:06 of 2nd period - Slapshot by Jamie McBain.
12:06 of 2nd period - Stopped by John Gibson with a rebound.
12:17 of 2nd period - Minor Penalty to John Klingberg for Hooking.
12:18 of 2nd period - Derick Brassard wins face-off versus Logan Couture in Maple Leafs zone.
12:20 of 2nd period - Snap shot by Antoine Roussel.
12:20 of 2nd period - Shot Misses the Net.
14:17 of 2nd period - Penalty to John Klingberg is over, John Klingberg is back on ice.
15:49 of 2nd period - Icing by Dustin Kohn.
15:50 of 2nd period - Tim Connolly wins face-off versus Chris Kelly in Blackhawks zone.
15:50 of 2nd period - Tim Connolly is hit by Blake Comeau.
16:26 of 2nd period - Wrist shot by Jordan Staal.
16:26 of 2nd period - Goal by Jordan Staal - Blackhawks : 1 - Maple Leafs : 0.
16:27 of 2nd period - Logan Couture wins face-off versus Derick Brassard in neutral zone.
16:32 of 2nd period - Icing by Antoine Roussel.
16:33 of 2nd period - Logan Couture wins face-off versus Derick Brassard in Blackhawks zone.
16:40 of 2nd period - Snap shot by Claude Giroux.
16:40 of 2nd period - Stopped by Jimmy Howard without a rebound.
16:41 of 2nd period - Derick Brassard wins face-off versus Logan Couture in Blackhawks zone.
17:08 of 2nd period - Kevin Shattenkirk is hit by Blake Wheeler and loses puck.
17:36 of 2nd period - Snap shot by Chris Kelly.
17:36 of 2nd period - Stopped by Jimmy Howard without a rebound.
17:37 of 2nd period - Chris Kelly wins face-off versus Derick Brassard in Blackhawks zone.
18:16 of 2nd period - Snap shot by Johnny Gaudreau.
18:16 of 2nd period - Stopped by John Gibson with a rebound.
18:52 of 2nd period - Snap shot by Andre Burakovsky.
18:52 of 2nd period - Stopped by Jimmy Howard without a rebound.
18:53 of 2nd period - Mike Comrie wins face-off versus Mika Zibanejad in Blackhawks zone.
19:08 of 2nd period - Kevin Shattenkirk is hit by Mike Comrie and loses puck.
19:25 of 2nd period - Kevin Shattenkirk is hit by Derick Brassard and loses puck.
19:31 of 2nd period - Icing by Claude Giroux.
19:32 of 2nd period - Jordan Staal wins face-off versus Logan Couture in Maple Leafs zone.
19:34 of 2nd period - Minor Penalty to Johnny Gaudreau for Interference.
19:35 of 2nd period - Brayden Schenn wins face-off versus Jordan Staal in Blackhawks zone.
19:47 of 2nd period - Jamie McBain is hit by Patrick Kane and loses puck.
Goals for this period are 1 for Blackhawks vs 0 for Maple Leafs.
Shots for this period are 13 for Blackhawks vs 6 for Maple Leafs.

3rd period


0:01 of 3rd period - Jordan Staal wins face-off versus Brayden Schenn in neutral zone.
0:10 of 3rd period - Snap shot by Blake Wheeler.
0:10 of 3rd period - Deflect By Jordan Staal.
0:10 of 3rd period - Deflect By Claude Giroux.
0:10 of 3rd period - Shot Misses the Net.
0:10 of 3rd period - Puck is out of play.
0:11 of 3rd period - Brayden Schenn wins face-off versus Jordan Staal in Maple Leafs zone.
0:46 of 3rd period - Slapshot by Kevin Shattenkirk.
0:46 of 3rd period - Shot Blocked by John Carlson.
0:48 of 3rd period - Slapshot by Kevin Shattenkirk.
0:48 of 3rd period - Deflect By Mike Comrie.
0:48 of 3rd period - Goal by Kevin Shattenkirk - Blackhawks : 1 - Maple Leafs : 1.
0:49 of 3rd period - Logan Couture wins face-off versus Derick Brassard in neutral zone.
1:49 of 3rd period - Wrist shot by Tim Connolly.
1:49 of 3rd period - Stopped by John Gibson without a rebound.
1:50 of 3rd period - Logan Couture wins face-off versus Derick Brassard in Maple Leafs zone.
2:03 of 3rd period - Snap shot by Patrick Kane.
2:03 of 3rd period - Stopped by Jimmy Howard with a rebound.
3:42 of 3rd period - Jamie McBain is hit by Jake Guentzel and loses puck.
3:54 of 3rd period - Minor Penalty to Beau Bennett for Hooking.
3:55 of 3rd period - Derick Brassard wins face-off versus Logan Couture in Maple Leafs zone.
5:04 of 3rd period - Off-side.
5:05 of 3rd period - Chris Kelly wins face-off versus Derick Brassard in neutral zone.
5:39 of 3rd period - Snap shot by Johnny Gaudreau.
5:39 of 3rd period - Shot Misses the Net.
5:41 of 3rd period - Snap shot by Torey Krug.
5:41 of 3rd period - Deflect By Gustav Nyquist.
5:41 of 3rd period - Stopped by John Gibson without a rebound.
5:42 of 3rd period - Brayden Schenn wins face-off versus Jordan Staal in Maple Leafs zone.
5:54 of 3rd period - Penalty to Beau Bennett is over, Beau Bennett is back on ice.
5:57 of 3rd period - Wrist shot by Jordan Staal.
5:57 of 3rd period - Stopped by John Gibson with a rebound.
6:32 of 3rd period - Snap shot by Chris Kelly.
6:32 of 3rd period - Goal by Chris Kelly - Blackhawks : 1 - Maple Leafs : 2.
6:33 of 3rd period - Logan Couture wins face-off versus Derick Brassard in neutral zone.
6:36 of 3rd period - Snap shot by Patrick Kane.
6:36 of 3rd period - Shot Hit the Post.
7:04 of 3rd period - Wrist shot by Patrick Marleau.
7:04 of 3rd period - Stopped by John Gibson with a rebound.
8:10 of 3rd period - Snap shot by Blake Comeau.
8:10 of 3rd period - Deflect By Antoine Roussel.
8:10 of 3rd period - Stopped by Jimmy Howard without a rebound.
8:11 of 3rd period - Chris Kelly wins face-off versus Derick Brassard in Blackhawks zone.
8:14 of 3rd period - Wrist shot by Chris Kelly.
8:14 of 3rd period - Shot Blocked by Dustin Kohn.
8:18 of 3rd period - Wrist shot by Chris Kelly.
8:18 of 3rd period - Shot Misses the Net.
8:20 of 3rd period - Slapshot by Ryan Parent.
8:20 of 3rd period - Shot Blocked by Dustin Kohn.
8:22 of 3rd period - Backhand shot by Dany Heatley.
8:22 of 3rd period - Shot Misses the Net.
8:24 of 3rd period - Snap shot by Dany Heatley.
8:24 of 3rd period - Stopped by Jimmy Howard with a rebound.
8:26 of 3rd period - Wrist shot by Dany Heatley.
8:26 of 3rd period - Stopped by Jimmy Howard with a rebound.
8:28 of 3rd period - Slapshot by Ryan Parent.
8:28 of 3rd period - Shot Misses the Net.
9:12 of 3rd period - Snap shot by Patrick Kane.
9:12 of 3rd period - Stopped by Jimmy Howard with a rebound.
9:32 of 3rd period - Hampus Lindholm is hit by Mike Comrie.
9:42 of 3rd period - Derick Brassard is hit by Dany Heatley.
10:02 of 3rd period - Braydon Coburn is hit by Jamie McBain and loses puck.
10:07 of 3rd period - Snap shot by Johnny Gaudreau.
10:07 of 3rd period - Shot Misses the Net.
10:09 of 3rd period - Backhand shot by Jordan Staal.
10:09 of 3rd period - Shot Blocked by Dany Heatley.
10:11 of 3rd period - Snap shot by Dustin Kohn.
10:11 of 3rd period - Shot Misses the Net.
10:13 of 3rd period - Snap shot by Jordan Staal.
10:13 of 3rd period - Stopped by John Gibson without a rebound.
10:14 of 3rd period - Claude Giroux wins face-off versus Derick Brassard in Maple Leafs zone.
10:14 of 3rd period - Claude Giroux is hit by Derick Brassard.
10:40 of 3rd period - Blake Wheeler is hit by Kevin Shattenkirk and loses puck.
11:29 of 3rd period - Wrist shot by Chris Kelly.
11:29 of 3rd period - Stopped by Jimmy Howard without a rebound.
11:30 of 3rd period - Logan Couture wins face-off versus Derick Brassard in Blackhawks zone.
11:57 of 3rd period - Hampus Lindholm is hit by Derick Brassard and loses puck.
12:20 of 3rd period - Wrist shot by Patrick Kane.
12:20 of 3rd period - Shot Misses the Net.
12:22 of 3rd period - Snap shot by Claude Giroux.
12:22 of 3rd period - Stopped by Jimmy Howard with a rebound.
12:24 of 3rd period - Wrist shot by Kevin Shattenkirk.
12:24 of 3rd period - Shot Blocked by Matthew Spiller.
12:26 of 3rd period - Snap shot by Logan Couture.
12:26 of 3rd period - Shot Blocked by Rick Nash.
12:28 of 3rd period - Slapshot by Logan Couture.
12:28 of 3rd period - Stopped by Jimmy Howard without a rebound.
12:29 of 3rd period - Brayden Schenn wins face-off versus Jordan Staal in Blackhawks zone.
12:41 of 3rd period - Minor Penalty to Blake Wheeler for Hooking.
12:42 of 3rd period - Logan Couture wins face-off versus Jordan Staal in Blackhawks zone.
13:53 of 3rd period - Icing by Ben Smith.
13:54 of 3rd period - Derick Brassard wins face-off versus Logan Couture in Maple Leafs zone.
14:41 of 3rd period - Penalty to Blake Wheeler is over, Blake Wheeler is back on ice.
15:07 of 3rd period - Snap shot by Ben Smith.
15:07 of 3rd period - Shot Misses the Net.
15:57 of 3rd period - Mike Comrie is hit by Ben Smith.
16:50 of 3rd period - Icing by Dustin Kohn.
16:51 of 3rd period - Mike Comrie wins face-off versus Brayden Schenn in Blackhawks zone.
17:20 of 3rd period - Snap shot by Jordan Staal.
17:20 of 3rd period - Stopped by John Gibson with a rebound.
17:35 of 3rd period - Snap shot by Braydon Coburn.
17:35 of 3rd period - Shot Misses the Net.
18:30 of 3rd period - Rick Nash is hit by Brayden Schenn and loses puck.
18:59 of 3rd period - Blackhawks, Jimmy Howard is pulled from the net.
Goals for this period are 0 for Blackhawks vs 2 for Maple Leafs.
Shots for this period are 6 for Blackhawks vs 10 for Maple Leafs.